 Dungeon Crawl Stone Soup version 0.30-a0-371-gad7725a93e (webtiles) character file.

Game seed: 16752760271456899254

5812 Maxmaps the Carver (level 11, -1/86 (90) HPs)
             Began as a Formicid Monk on Nov 21, 2022.
             Was a Priest of the Shining One.
             Killed by divine providence
             ... invoked by a meliai
              (7 damage)
             ... on level 8 of the Dungeon.
             The game lasted 00:13:39 (9291 turns).

Maxmaps the Carver (Formicid Monk)                  Turns: 9291, Time: 00:13:40

HP:   -1/86 (90)    AC: 14    Str: 15    XL:     11   Next: 7%
MP:   11/11         EV:  7    Int: 13    God:    the Shining One [***...]
Gold: 363           SH:  0    Dex: 17    Spells: 10/10 levels left

rFire   . . .      SeeInvis +    C - +2 long sword (flame)
rCold   . . .      Faith    .    (no shield)
rNeg    + + .      Spirit   .    d - +0 chain mail
rPois   +          Reflect  .    (helmet unavailable)
rElec   .          Harm     .    p - +2 ratskin cloak {*Rats rPois rN+ Str-1 Int-1 Dex+1}
rCorr   .          Rampage  .    (no gloves)
Will    +....                    k - +0 pair of boots
Stlth   ..........               (no amulet)
HPRegen 0.34/turn                u - +4 ring of slaying
MPRegen 0.12/turn                (no ring)

@: glowing, lightly drained
A: permanent stasis, dig shafts and tunnels, antennae 3, four strong arms
a: Dig, Shaft Self, Renounce Religion, Divine Shield, Cleansing Flame


You were on level 8 of the Dungeon.
You worshipped the Shining One.
The Shining One was most pleased with you.
You visited 2 branches of the dungeon, and saw 10 of its levels.
You also visited: Ossuary.

You collected 363 gold pieces.

Inventory:

Hand Weapons
 a - a +0 falchion
 o - a +0 dagger of venom
 C - a +2 long sword of flaming (weapon)
Armour
 b - a +0 robe
 d - a +0 chain mail (worn)
 k - a +0 pair of boots (worn)
 p - the +2 ratskin cloak (worn) {*Rats rPois rN+ Str-1 Int-1 Dex+1}
   (You found it on level 2 of the Dungeon)

   When the wearer is hurt, rats may emerge from it to assist them.
   Str:       It affects your strength (-1).
   Int:       It affects your intelligence (-1).
   Dex:       It affects your dexterity (+1).
   rPois:     It protects you from poison.
   rN:        It protects you from negative energy.
Jewellery
 i - a ring of wizardry
 l - the amulet of Elemental Vulnerability {rPois rF-- rC-- AC+8}
   (You found it on level 2 of the Dungeon)

   [amulet of nothing]

   AC:        It affects your AC (+8).
   rF:        It makes you very vulnerable to fire.
   rC:        It makes you very vulnerable to cold.
   rPois:     It protects you from poison.
 u - a +4 ring of slaying (left hand)
 B - a ring of ice
Wands
 w - a wand of flame (29)
 I - a wand of roots (4)
Scrolls
 g - a scroll of blinking
 m - 4 scrolls of teleportation
 t - a scroll of poison
 x - a scroll of vulnerability
 y - 2 scrolls of immolation
 A - 4 scrolls of fear
 D - a scroll of summoning {unknown}
 F - 6 scrolls of identify
 H - a scroll of enchant weapon
Potions
 c - a potion of ambrosia
 e - 5 potions of curing
 f - 2 potions of heal wounds
 h - 2 potions of resistance
 j - a potion of brilliance {unknown}
 n - 4 potions of haste
 q - 4 potions of invisibility
 r - 3 potions of mutation {unknown}
 s - 3 potions of lignification {unknown}
 v - a potion of flight {unknown}
 z - 2 potions of might {unknown}
 E - a potion of attraction {unknown}
 G - a potion of degeneration {unknown}


   Skills:
 + Level 9.6 Fighting
 - Level 13.0 Long Blades
 - Level 5.0 Armour
 - Level 2.6 Dodging
 - Level 2.4 Stealth


You had 10 spell levels left.
You didn't know any spells.
Your spell library contained the following spells:

 Spells                   Type           Power      Damage    Failure   Level
 Cigotuvi's Dreadful Rot  Necr/Pois/Air  0%         N/A       100%        2
 Ozocubu's Armour         Ice            0%         N/A       100%        3
 Dispel Undead            Necr           0%         3d6       100%        4
 Metabolic Englaciation   Hex/Ice        0%         N/A       100%        5
 Death Channel            Necr           0%         N/A       100%        6
 Simulacrum               Ice/Necr       0%         N/A       100%        6


Dungeon Overview and Level Annotations

Branches:
Dungeon (9/15)             Temple (1/1) D:6         Ossuary (visited)
   Lair: D:8-11         Orc: D:9-12

Altars:
Ashenzari
Cheibriados
Dithmenos
Elyvilon
Fedhas
Gozag
Hepliaklqana
Makhleb
Nemelex Xobeh
Okawaru
Qazlal
Ru
Sif Muna
Trog
Uskayaw
Vehumet
Wu Jian
Xom
Yredelemnul
Zin
The Shining One

Shops:
D:4 !**

Annotations:
D:3 2 transporters, BlueFish's ghost, amateur OpWr


Innate Abilities, Weirdness & Mutations

You cannot be hasted, slowed, berserked, paralysed or teleported.
You can dig through walls and to a lower floor.
You have a pair of large antennae on your head. (SInv)
Your four strong arms can wield two-handed weapons with a shield.


Message History

The meliai freezes you.
* * * LOW HITPOINT WARNING * * *
The meliai closely misses you.
You climb upwards.
There is a stone staircase leading down here.
You feel much better. The meliai closely misses you.
The meliai barely misses you.
The tengu warrior hits you with a +0 great mace!
The tengu warrior misses you. The tengu warrior barely misses you.
The meliai hits you with a +1 war axe of freezing.
* * * LOW HITPOINT WARNING * * *
The meliai freezes you.
* * * LOW HITPOINT WARNING * * *
The meliai stings you but does no damage.
You feel much better. The meliai barely misses you.
The meliai stings you but does no damage.
The tengu warrior hits you with a +0 great mace!
The tengu warrior closely misses you.
The tengu warrior claws you but does no damage.
The meliai hits you with a +1 war axe of freezing.
The meliai freezes you. The meliai stings you.
* * * LOW HITPOINT WARNING * * *
You extend your mandibles.
You dig through the rock wall.
You feel drained.
The meliai hits you with a +1 war axe of freezing!
* * * LOW HITPOINT WARNING * * *
The meliai freezes you.
* * * LOW HITPOINT WARNING * * *
The meliai stings you but does no damage.
The meliai hits you with a +1 war axe of freezing.
* * * LOW HITPOINT WARNING * * *
A river rat scurries out from under your cloak.
The meliai freezes you.
* * * LOW HITPOINT WARNING * * *
The meliai stings you!
* * * LOW HITPOINT WARNING * * *
You retract your mandibles.
The meliai calls down the wrath of its god upon you.
Something smites you!
You die...

# ##.8#..#.8.# ##.#. #
#.##...#..# #.... ##.#.......#
#..#. #........#.# #..#.
#.###.##.#.# #..#. #.###...####
#..#. #>#8##..# * #..##
#Qy..##.#** #..## #.#@.##.#
#####..## #r#..##.# #........
##############.#..##.####..##.###
.))).........#.............##.#
############.###....#.###.###.#
#.# #......###.# #.# #.#
#..........# #.### #.#
##..######## #.... #.# #.)# ####.


You could see a tengu warrior and a meliai.

Vanquished Creatures
  A cyclops (D:7)
  A komodo dragon (D:7)
  Psyche (D:8)
  A hornet (D:7)
  Prince Ribbit (D:5)
  A shadow (D:7)
  4 yaks (D:7)
  An acid dragon (D:7)
  2 water moccasins (D:7)
  2 orc warriors
  An ice beast (D:8)
  3 black bears
  A sky beast (D:4)
  3 ogres
  3 centaurs
  2 kobold brigands
  4 bullfrogs
  4 necrophages
  5 scorpions
  4 killer bees (D:8)
  3 centaur zombies (Ossuary)
  5 orc priests
  A jelly (D:4)
  2 hounds (D:5)
  Jessica (D:2)
  6 iguanas
  2 orc wizards
  4 mummies
  Robin (D:2)
  A gnoll (D:7)
  5 adders
  A shadow imp (D:7)
  A white imp (D:5)
  An ufetubus (D:6)
  A worm (D:2)
  2 dart slugs (D:4)
  25 orcs
  4 ball pythons
  4 bats (D:1)
  4 endoplasms
  5 giant cockroaches
  12 goblins
  4 hobgoblins
  13 kobolds
  5 quokkas
  4 frilled lizards
  2 hobgoblin zombies (Ossuary)
  2 rats
166 creatures vanquished.

Vanquished Creatures (collateral kills)
  A steam dragon (D:6)
  An ogre (D:6)
  A centaur (D:8)
  A phantom (D:5)
  A bullfrog (D:7)
  A jelly (D:6)
  3 iguanas
  An orc (D:3)
10 creatures vanquished.

Grand Total: 176 creatures vanquished

Notes
Turn   | Place    | Note
-------+----------+-------------------------------------------
     0 | D:1      | Maxmaps the Formicid Monk began the quest for the Orb.
     0 | D:1      | Reached XP level 1. HP: 18/18 MP: 1/1
    94 | D:1      | Reached skill level 1 in Armour
   169 | D:1      | Reached XP level 2. HP: 24/24 MP: 2/2
   573 | D:1      | Reached XP level 3. HP: 29/29 MP: 3/3
   865 | D:2      | Found the amulet of Elemental Vulnerability {rPois rF--
                  | rC-- AC+8}
  1006 | D:2      | Noticed Robin
  1056 | D:2      | Killed Robin
  1057 | D:2      | Reached XP level 4. HP: 23/30 MP: 4/4
  1201 | D:2      | Found the +2 ratskin cloak {*Rats rPois rN+ Str-1 Int-1
                  | Dex+1}
  1494 | D:2      | Noticed Jessica
  1500 | D:2      | Killed Jessica
  1649 | D:3      | Found a transporter.
  1649 | D:3      | Noticed BlueFish's ghost (amateur OpWr)
  1688 | D:3      | Found an opulent altar of Gozag.
  1698 | D:3      | Reached XP level 5. HP: 39/39 MP: 5/5
  1724 | D:3      | Reached skill level 5 in Armour
  1892 | D:3      | Found a transporter.
  2082 | D:3      | Found a sparkling altar of Nemelex Xobeh.
  2248 | D:3      | Found a broken altar of Ashenzari.
  2551 | D:3      | Found a burning altar of Makhleb.
  2584 | D:4      | Found Worol's General Store.
  2584 | D:4      | Found Rehadah's General Store.
  2584 | D:4      | Found Daunwoik's Armour Shop.
  2593 | D:4      | Noticed a black bear
  2595 | D:4      | Found Zangaup's Distillery.
  2607 | D:4      | Killed a black bear
  2608 | D:4      | Reached skill level 4 in Long Blades
  2608 | D:4      | Reached XP level 6. HP: 34/47 MP: 6/6
  2706 | D:4      | Reached skill level 5 in Long Blades
  2899 | D:4      | Found a radiant altar of Vehumet.
  2900 | D:4      | Found a shadowy altar of Dithmenos.
  3062 | D:4      | Found a blossoming altar of Fedhas.
  3070 | D:4      | Noticed a sky beast
  3090 | D:4      | Killed a sky beast
  3091 | D:4      | Reached XP level 7. HP: 44/52 MP: 7/7
  3422 | D:4      | Found a hide-covered altar of Uskayaw.
  3434 | D:4      | Reached skill level 6 in Long Blades
  3685 | D:5      | Entered Level 5 of the Dungeon
  3810 | D:5      | Reached skill level 7 in Long Blades
  3848 | D:5      | Reached XP level 8. HP: 58/58 MP: 8/8
  3981 | D:5      | Reached skill level 8 in Long Blades
  4263 | D:5      | Noticed Prince Ribbit
  4280 | D:5      | Killed Prince Ribbit
  4281 | D:5      | Reached skill level 9 in Long Blades
  5043 | D:6      | Reached XP level 9. HP: 63/64 MP: 9/9
  5057 | D:6      | Reached skill level 10 in Long Blades
  5153 | D:6      | Found a staircase to the Ecumenical Temple.
  5338 | D:6      | Reached skill level 11 in Long Blades
  5490 | D:6      | Found a snail-covered altar of Cheibriados.
  6294 | Temple   | Entered the Ecumenical Temple
  6464 | Temple   | Became a worshipper of the Shining One
  6464 | Temple   | Reached * piety under the Shining One
  6464 | Temple   | Reached ** piety under the Shining One
  6964 | D:7      | Reached skill level 12 in Long Blades
  6995 | D:7      | Reached XP level 10. HP: 32/70 MP: 10/10
  7387 | D:7      | Reached skill level 13 in Long Blades
  7489 | D:7      | Noticed a cyclops
  7503 | D:7      | Reached skill level 5 in Fighting
  7506 | D:7      | Killed a cyclops
  7516 | D:7      | Identified the +3 leather armour "Yfeysul" {rPois rC+ rN+++
                  | MP-9}
  7571 | D:7      | Noticed a komodo dragon
  7587 | D:7      | Killed a komodo dragon
  8184 | D:8      | Found a sand-covered staircase.
  8190 | Ossuary  | Entered an ossuary
  8297 | D:8      | Reached *** piety under the Shining One
  8574 | D:8      | Noticed Psyche
  8579 | D:8      | Killed Psyche
  8798 | D:8      | Reached XP level 11. HP: 89/89 MP: 11/11
  9253 | D:9      | Noticed a boulder beetle
  9256 | D:9      | Noticed a green ugly thing
  9256 | D:9      | Noticed a harpy
  9257 | D:9      | Noticed a tengu warrior
  9291 | D:8      | Killed from afar by a meliai

Illustrated notes

Levels and vault maps discovered:
D:1:      eino_arrival_water_star, layout_loops_ring,
          hangedman_decor_clover_reticule, corexii_item_surrounded_by_moat,
          st_stairs_2, solitary_fountain, kennysheep_doodads
D:2:      layout_loops_cross, uniq_robin, uniq_jessica
D:3:      layout_loops_corners, lemuel_doored_altar, general_overflow_altar,
          marbit_many_paths, lightli_temple_of_fire, gammafunk_ghost_mausoleum
D:4:      layout_gridville, nicolae_uskayaw_murder_on_the_dancefloor,
          mainiacjoe_overflow_boulevard, mainiacjoe_overflow_divided_tiny,
          minmay_shop_grid_forest
D:5:      cheibrodos_helix_gallery, layout_layer_cave, uniq_prince_ribbit1
D:6:      minmay_general_purpose_star, layout_loops_ring, slow_altar_1,
          minmay_temple_entry_waves
D:7:      hangedman_cross_stitches, layout_layer_cave, kennysheep_windowed_goal
D:8:      layout_loops_ring, lightli_ossuary_entry_decrepit_ruins,
          nicolae_concentric_dashed_squares_wild, uniq_psyche
D:9:      minmay_the_grid_triangle_9x9_recursive_2_mashed
          [minmay_the_grid_triangle_9x9_prize_top_heavy,
          minmay_the_grid_triangle_9x9_pentomino_pain,
          minmay_the_grid_triangle_9x9_minimal,
          minmay_the_grid_triangle_9x9_tough_junction], layout_cross,
          david_lair_generic, orc_david_3, gammafunk_ghost_grave,
          dk_rats_in_the_wall
Temple:   nicolae_temple_bog_church

Skill      XL: |  1  2  3  4  5  6  7  8  9 10 |
---------------+-------------------------------+-----
Armour         | 1 2 3 4 5 |  5.0
Long Blades    | 4 5 7 9 12 13 | 13.0
Fighting       | 9 |  9.6
Dodging        | |  2.6
Stealth        | |  2.4

Action                   |  1- 3 |  4- 6 |  7- 9 | 10-12 || total
-------------------------+-------+-------+-------+-------++-------
Melee: Falchion          |   123 |     9 |       |       ||   132
       Punch             |     1 |       |    11 |     2 ||    14
       Dagger            |       |   141 |   419 |    35 ||   595
       Long sword        |       |       |       |   135 ||   135
 Abil: Dig               |     1 |       |     5 |     3 ||     9
  Use: Scroll            |       |       |    11 |     4 ||    15
       Potion            |       |       |     1 |     3 ||     4
Armor: Chain mail        |    81 |    81 |   245 |   106 ||   513
Dodge: Dodged            |    37 |    52 |    95 |    69 ||   253

Table legend: (Time is in decaauts)
 A = Elapsed time spent in this place.
 B = Non-inter-level travel time spent in this place.
 C = Inter-level travel time spent in this place.
 D = Time resting spent in this place.
 E = Time spent auto-exploring this place.
 F = Levels seen in this place.
 G = Mean time per level.
                   A        B        C        D        E       F      G
               +--------+--------+--------+--------+--------+-----+--------+
         Total |   9139 |   8837 |    302 |   1474 |   5871 |  11 |  830.8 |
       Dungeon |   8856 |   8568 |    288 |   1474 |   5672 |   9 |  984.0 |
        Temple |    191 |    177 |     14 |      0 |    146 |   1 |  191.0 |
       Ossuary |     92 |     92 |      0 |      0 |     53 |   1 |   92.0 |
               +--------+--------+--------+--------+--------+-----+--------+

Top non-repeatable levels by time:
     D:7: 1592 daAuts
     D:6: 1333 daAuts
     D:5: 1234 daAuts
     D:4: 1076 daAuts
     D:3: 978 daAuts
     D:2: 900 daAuts
     D:8: 871 daAuts
     D:1: 718 daAuts
  Temple: 191 daAuts
     D:9: 149 daAuts
 Ossuary: 92 daAuts
